 Dungeon Crawl Stone Soup version 0.21.1-1-g345015f (webtiles) character file.

142 wotfoxis the Chopper (level 5, -5/45 HPs)
             Began as a Hill Orc Fighter on Feb 19, 2018.
             Was an Initiate of Beogh.
             Slain by an ogre
             ... wielding a +0 giant club
              (12 damage)
             ... on level 4 of the Dungeon.
             The game lasted 00:07:45 (2878 turns).

wotfoxis the Chopper (Hill Orc Fighter)             Turns: 2878, Time: 00:07:46

Health: -5/45      AC:  7    Str: 19    XL:     5   Next: 25%
Magic:  5/5        EV:  6    Int:  8    God:    Beogh [......]
Gold:   62         SH:  7    Dex: 11    Spells: 4/4 levels left

rFire    . . .     SeeInvis .   a - +0 war axe
rCold    . . .     Gourm    .   c - +0 shield
rNeg     . . .     Faith    .   b - +0 scale mail
rPois    .         Spirit   .   (no helmet)
rElec    .         Reflect  .   (no cloak)
rCorr    .         Harm     .   n - +0 pair of gloves
MR       .....                  (no boots)
Stlth    ..........             (no amulet)
HPRegen  0.15/turn              (no ring)
MPRegen  0.09/turn              (no ring)

@: very heavily drained
A: no striking features
a: Renounce Religion


You were on level 4 of the Dungeon.
You worshipped Beogh.
Beogh was noncommittal.
You were not hungry.

You visited 1 branch of the dungeon, and saw 4 of its levels.

You collected 62 gold pieces.

Inventory:

Hand Weapons
 a - a +0 war axe (weapon)
Armour
 b - a +0 scale mail (worn)
 c - a +0 shield (worn)
 n - a +0 pair of gloves (worn)
Jewellery
 k - an uncursed amulet of magic regeneration {unknown}
 l - a cursed -2 ring of evasion {unknown}
Scrolls
 h - a scroll of fog {unknown}
 j - a scroll of magic mapping
 m - a scroll of teleportation {unknown}
Potions
 d - a potion of cancellation {unknown}
 e - a potion of lignification
 i - a potion of resistance {unknown}
Comestibles
 f - 7 rations
 g - 4 chunks of flesh


   Skills:
 - Level 3.6(0.0) Fighting
 + Level 5.5(1.4) Axes
 - Level 3.2(0.0) Armour
 + Level 4.9(0.9) Shields


You had 4 spell levels left.
You didn't know any spells.

Dungeon Overview and Level Annotations

Branches:
Dungeon (4/15)
 Temple: D:4-7

Altars:
Zin

Shops:
D:2 *


Message History

You hit the ogre but do no damage. You block the ogre's attack.
You hit the ogre.
The ogre is lightly wounded.
You block the ogre's attack.
You slash the ogre!
The ogre is heavily wounded.
The ogre hits you with a giant club. The ogre hits you with a giant club!
You hit the ogre.
The ogre is severely wounded.
The ogre hits you with a giant club!
You barely miss the ogre.
The ogre is severely wounded.
The ogre barely misses you.
Your shield prevents you from hitting the ogre.
The ogre is severely wounded.
The ogre hits you with a giant club!
* * * LOW HITPOINT WARNING * * *
There is a stone staircase leading up here.
The ogre hits you with a giant club!
You die...

###########
##@O..(.....
#.......###
#.......+
#.......#
#.......#
#.......#
#.......#
#.......#
#......$#


You could see an ogre.

Vanquished Creatures
  An orc wizard (D:2)
  5 adders
  2 worms
  2 dart slugs
  A leopard gecko (D:3)
  2 orcs (D:3)
  2 ball pythons
  2 giant cockroaches
  8 goblins
  5 hobgoblins
  A jackal (D:3)
  A quokka (D:2)
  11 bats
  9 frilled lizards
  2 kobolds
  7 rats
61 creatures vanquished.

Vanquished Creatures (others)
  A dart slug (D:3)
  An orc (D:3)
  A hobgoblin (D:3)
  A bat (D:3)
  A frilled lizard (D:3)
5 creatures vanquished.

Grand Total: 66 creatures vanquished

Notes
Turn   | Place    | Note
-------+----------+-------------------------------------------
     0 | D:1      | wotfoxis the Hill Orc Fighter began the quest for the Orb.
     0 | D:1      | Reached XP level 1. HP: 19/19 MP: 1/1
   436 | D:1      | Reached XP level 2. HP: 26/26 MP: 2/2
   442 | D:1      | Reached skill level 3 in Axes
   615 | D:1      | Reached XP level 3. HP: 31/31 MP: 3/3
  1086 | D:2      | Reached skill level 4 in Axes
  1132 | D:1      | Reached XP level 4. HP: 9/39 MP: 4/4
  1515 | D:2      | Found Zin's Purification Station.
  1516 | D:2      | Found a glowing silver altar of Zin.
  2494 | D:2      | Reached skill level 5 in Axes
  2494 | D:2      | Reached XP level 5. HP: 37/45 MP: 5/5
  2693 | D:3      | Became a worshipper of Beogh the Brigand
  2865 | D:4      | Noticed an ogre
  2878 | D:4      | Slain by an ogre

Skill      XL: |  1  2  3  4 |
---------------+-------------+-----
Axes           | 3 4 5 |  5.5
Shields        | 4 |  4.9
Fighting       | |  3.6
Armour         | |  3.2

Action                   |  1- 3 |  4- 6 || total
-------------------------+-------+-------++-------
Melee: War axe           |   106 |   128 ||   234
Invok: Convert to Beogh  |       |     1 ||     1
  Use: Potion            |     1 |     2 ||     3
       Scroll            |       |     4 ||     4
  Eat: Chunk             |     1 |       ||     1
       Ration            |       |     2 ||     2
Armor: Scale mail        |    70 |    83 ||   153
Dodge: Dodged            |    49 |    37 ||    86
Block: Shield            |    74 |    62 ||   136
